 Dungeon Crawl Stone Soup version 0.29-a0-352-g0917bc69df (console) character file.

Game seed: 13318467468602412239

1024 jejorda2 the Carver (level 8, -2/64 HPs)
             Began as a Merfolk Berserker on Apr 23, 2022.
             Was a Priest of Trog.
             Engulfed by a steam dragon's steam (11 damage)
             ... on level 6 of the Dungeon.
             The game lasted 00:09:57 (4520 turns).

jejorda2 the Carver (Merfolk Berserker)             Turns: 4520, Time: 00:09:57

Health: -2/64      AC: 10    Str: 17    XL:     8   Next: 22%
Magic:  8/8        EV: 11    Int:  6    God:    Trog [***...]
Gold:   303        SH:  0    Dex: 16    Spells: 7/7 levels left

rFire   . . .      SeeInvis .   a - +0 falchion
rCold   . . .      Faith    .   (no shield)
rNeg    + . .      Spirit   .   v - +3 ring mail
rPois   .          Reflect  .   (no helmet)
rElec   .          Harm     .   q - +0 cloak
rCorr   .          Rampage  .   (no gloves)
Will    .....                   (no boots)
Stlth   +.........              o - amulet of regeneration
HPRegen 1.00/turn               u - ring of positive energy
MPRegen 0.11/turn               (no ring)

@: no status effects
A: (nimble swimmer 2), mertail
a: Renounce Religion, Berserk, Trog's Hand


You were on level 6 of the Dungeon.
You worshipped Trog.
Trog was most pleased with you.
You visited 2 branches of the dungeon, and saw 7 of its levels.

You collected 303 gold pieces.

Inventory:

Hand Weapons
 a - a +0 falchion (weapon)
 p - a +1 dagger of flaming
Missiles
 c - 213 stones (quivered)
 h - 6 boomerangs
 w - 12 poisoned darts
Armour
 q - a +0 cloak (worn)
 v - a +3 ring mail (worn)
Jewellery
 o - an amulet of regeneration (around neck)
 u - a ring of positive energy (left hand)
 A - a ring of fire
Wands
 I - a wand of flame (17)
Scrolls
 b - a scroll of immolation {unknown}
 e - a scroll of enchant armour {unknown}
 f - 5 scrolls of identify {unknown}
 g - 3 scrolls of teleportation {unknown}
 j - a scroll of brand weapon {unknown}
 k - a scroll of amnesia {unknown}
 m - a scroll of silence {unknown}
 n - a scroll of fear {unknown}
 s - a scroll of magic mapping {unknown}
 x - 2 scrolls of enchant weapon {unknown}
 y - a scroll of summoning {unknown}
 C - a scroll of vulnerability {unknown}
Potions
 d - 6 potions of curing {unknown}
 i - 2 potions of degeneration {unknown}
 l - 2 potions of attraction {unknown}
 r - a potion of ambrosia {unknown}
 t - 3 potions of heal wounds {unknown}
 z - 2 potions of mutation {unknown}
 B - a potion of cancellation {unknown}
 D - a potion of lignification {unknown}
 E - a potion of flight {unknown}
 F - a potion of resistance {unknown}
 G - a potion of might {unknown}
 H - a potion of berserk rage {unknown}
 J - a potion of invisibility {unknown}


   Skills:
 - Level 6.0 Fighting
 * Level 8.8 Long Blades
 + Level 3.7 Armour
 - Level 2.6 Dodging


You had 7 spell levels left.
You didn't know any spells.
Your spell library was empty.

Dungeon Overview and Level Annotations

Branches:
Dungeon (6/15)             Temple (1/1) D:4

Altars:
Makhleb
Yredelemnul
Zin


Innate Abilities, Weirdness & Mutations

((You are very nimble when in or above water. (Stealth+, EV+, Speed+++)))
Your lower body shifts to a powerful aquatic tail in water.


Message History

What are your orders? t - Shout!
Orders for allies: a - Attack new target. r - Retreat! s - Stop attacking. g - Guard the area. f - Follow me.
Anything else - Cancel.
You shout for attention!
The gnoll shouts!
You hear an angry hiss.
You hit the gnoll.
The gnoll is lightly wounded.
You hit the gnoll but do no damage.
The gnoll is lightly wounded.
The gnoll hits you with a +0 halberd!
You hit the gnoll.
The gnoll is severely wounded.
The gnoll hits you with a +0 halberd!
You hit the gnoll but do no damage.
The gnoll is severely wounded.
The gnoll closely misses you.
You closely miss the gnoll.
The gnoll is severely wounded.
The gnoll hits you with a +0 halberd. The steam dragon breathes steam at you.
The ball of steam hits the gnoll!
The gnoll dies!
The ball of steam hits you!
A gnoll comes into view. It is wielding a +0 spear.
You are engulfed in a cloud of scalding steam.
The adder is engulfed in a cloud of scalding steam.
The adder dies!
A gnoll comes into view. It is wielding a +0 halberd.
The gnoll moves out of view.
The steam dragon breathes steam at you. The ball of steam hits you!
* * * LOW HITPOINT WARNING * * *
You hear a shout!
You are engulfed in a cloud of scalding steam.
* * * LOW HITPOINT WARNING * * *
There is a stone staircase leading up here.
You are engulfed in a cloud of scalding steam.
You die...

###################
#...§§@§§§D.#.....#
#..§...§....#.....#
#.........g.).....#
#...........#...g.+
#.....####'###.......
#....<##.§.## .......
#.......>...+ ..♣.♣..
#####...........# ...
g.. #...............#
♣S.. .♣


You could see a gnoll.

Vanquished Creatures
  A black bear (D:5)
  An ogre (D:4)
  A phantom (D:5)
  A necrophage (D:3)
  3 scorpions (D:5)
  5 hounds
  An orc priest (D:4)
  3 iron imps (D:4)
  Crazy Yiuf (D:3)
  An iguana (D:3)
  3 orc wizards (D:5)
  4 adders
  4 dart slugs
  9 orcs
  8 endoplasms
  3 giant cockroaches
  10 goblins
  7 hobgoblins
  4 jackals (D:4)
  8 quokkas
  6 ball pythons
  7 bats
  10 frilled lizards
  10 kobolds
  5 rats
116 creatures vanquished.

Vanquished Creatures (others)
  A gnoll (D:6)
  An adder (D:6)
  9 plants (D:1)
11 creatures vanquished.

Grand Total: 127 creatures vanquished

Notes
Turn   | Place    | Note
-------+----------+-------------------------------------------
     0 | D:1      | jejorda2 the Merfolk Berserker began the quest for the Orb.
     0 | D:1      | Reached XP level 1. HP: 18/18 MP: 1/1
   270 | D:1      | Reached skill level 4 in Long Blades
   270 | D:1      | Reached XP level 2. HP: 24/24 MP: 2/2
   728 | D:1      | Reached XP level 3. HP: 29/29 MP: 3/3
  1390 | D:2      | Found a glowing silver altar of Zin.
  1407 | D:2      | Reached ** piety under Trog
  1563 | D:2      | Reached XP level 4. HP: 18/37 MP: 4/4
  2103 | D:2      | Reached skill level 5 in Long Blades
  2375 | D:3      | Found a runed translucent door.
  2376 | D:3      | Noticed Crazy Yiuf
  2383 | D:3      | Killed Crazy Yiuf
  2457 | D:3      | Reached XP level 5. HP: 39/42 MP: 5/5
  2912 | D:3      | Reached skill level 6 in Long Blades
  2912 | D:3      | Reached XP level 6. HP: 44/49 MP: 6/6
  3177 | D:4      | Found a staircase to the Ecumenical Temple.
  3194 | Temple   | Entered the Ecumenical Temple
  3435 | D:4      | Reached *** piety under Trog
  3436 | D:4      | Reached skill level 5 in Fighting
  3436 | D:4      | Found a burning altar of Makhleb.
  3455 | D:4      | Reached skill level 7 in Long Blades
  3455 | D:4      | Reached XP level 7. HP: 56/56 MP: 7/7
  3822 | D:5      | Entered Level 5 of the Dungeon
  3999 | D:5      | Reached skill level 8 in Long Blades
  4002 | D:5      | Reached XP level 8. HP: 64/64 MP: 8/8
  4467 | D:6      | Found a basalt altar of Yredelemnul.
  4520 | D:6      | Engulfed by a steam dragon's steam

Illustrated notes

Levels and vault maps discovered:
D:1:      lemuel_arrival_cross, layout_basic, minmay_lizard_king
D:2:      layout_basic, basic_altar
D:3:      layout_loops_ring, minmay_fractal_squares_5, uniq_crazy_yiuf_cottage
D:4:      layout_basic, demons_altar, minmay_temple_entry_proselytizer,
          serial_glass, glass_columns_a, glass_columns_a, glass_columns_a,
          glass_columns_b, glass_columns_a
D:5:      layout_rooms, serial_glass, glass_columns_b, glass_columns_a
D:6:      wad_river_or_something, layout_gridville, grunt_ministairs_9,
          hangedman_feature_mirror
Temple:   mainiacjoe_temple_archimedes_tessellation

Skill      XL: |  1  2  3  4  5  6  7  8 |
---------------+-------------------------+-----
Long Blades    | 4 5 6 7 8 |  8.8
Armour         | 2 3 |  3.7
Fighting       | 4 5 6 |  6.0
Dodging        | |  2.6

Action                   |  1- 3 |  4- 6 |  7- 9 || total
-------------------------+-------+-------+-------++-------
Melee: Falchion          |   105 |   145 |   158 ||   408
       Punch             |     1 |     2 |     1 ||     4
Throw: Stone             |    53 |    18 |       ||    71
Invok: Berserk           |     1 |     3 |     4 ||     8
       Trog's Hand       |       |       |     1 ||     1
 Stab: Sleeping          |     3 |       |       ||     3
Armor: Animal skin       |     2 |       |       ||     2
       Scale mail        |    28 |    30 |       ||    58
       Ring mail         |       |    25 |    70 ||    95
Dodge: Dodged            |    57 |    88 |    65 ||   210

Table legend: (Time is in decaauts)
 A = Elapsed time spent in this place.
 B = Non-inter-level travel time spent in this place.
 C = Inter-level travel time spent in this place.
 D = Time resting spent in this place.
 E = Time spent auto-exploring this place.
 F = Levels seen in this place.
 G = Mean time per level.
                   A        B        C        D        E       F      G
               +--------+--------+--------+--------+--------+-----+--------+
         Total |   4591 |   4501 |     90 |    395 |   3115 |   7 |  655.9 |
       Dungeon |   4535 |   4445 |     90 |    342 |   3115 |   6 |  755.8 |
        Temple |     56 |     56 |      0 |     53 |      0 |   1 |   56.0 |
               +--------+--------+--------+--------+--------+-----+--------+

Top non-repeatable levels by time:
     D:1: 1394 daAuts
     D:2: 957 daAuts
     D:3: 829 daAuts
     D:5: 657 daAuts
     D:4: 645 daAuts
  Temple: 56 daAuts
     D:6: 52 daAuts
